Cogmind - Beta 16 @@@ ROGUE MODE // 2025.11.07 @ 22:16:39 Player: Demo Result: Destroyed by 3X-GOF(R) with Subdweller Beam Cannon Performance ------------- Evolutions (0) 0 Regions Visited (3) 600 Robots Destroyed (11) 55 Value Destroyed (213) 213 Prototype IDs (0) 0 Alien Tech Used (0) 0 Bonus (0) 0 TOTAL SCORE: 868 Bonus ------- None Cogmind --------- Core Integrity 0/250 Matter 175/300 Energy 95/100 System Corruption 5% Temperature Cool (9) Movement Core (50) Location -10/Subcaves Parts ------- > --- POWER (1) -------- (None) > --- PROPULSION (2) --- (None) > --- UTILITY (2) ------ (None) > --- WEAPON (2) ------- Grenade Launcher > --- INVENTORY (5) ---- Huge Storage Unit Peak State ------------ > --- POWER ------------ (None) > --- PROPULSION ------- Light Treads > --- UTILITY ---------- Improved Light Armor Plating > --- WEAPON ----------- Grenade Launcher > --- INVENTORY -------- Huge Storage Unit [Rating: 5] Favorites ----------- Power None Propulsion Light Treads Treads Light Treads Wheel Wheel Utility Improved Light Armor Plating Protection Improved Light Armor Plating Weapon Light Assault Rifle Ballistic Gun Light Assault Rifle Launcher Grenade Launcher Build | -11 -10 -10 -10 ------- Run | Yrd Mat Min Sub Slots Evolved . | . . . . Power . | . . . . Propulsion . | . . . . Utility . | . . . . Weapon . | . . . . Parts Attached 8 | 2 2 3 1 Power . | . . . . Engine . | . . . . Core . | . . . . Reactor . | . . . . Propulsion 3 | 2 . . 1 Treads 2 | 2 . . . Leg . | . . . . Wheel 1 | . . . 1 Hover . | . . . . Flight . | . . . . Utility 2 | . . 2 . Device . | . . . . Storage . | . . . . Processor . | . . . . Hackware . | . . . . Protection 2 | . . 2 . Artifact . | . . . . Weapon 3 | . 2 1 . Energy Gun . | . . . . Energy Cannon . | . . . . Ballistic Gun 1 | . . 1 . Ballistic Cannon . | . . . . Launcher 2 | . 2 . . Special Weapon . | . . . . Impact Weapon . | . . . . Slashing Weapon . | . . . . Piercing Weapon . | . . . . Special Melee Weapon . | . . . . Unidentified Prototypes . | . . . . Parts Lost 6 | . . 3 3 Power . | . . . . Propulsion 3 | . . 1 2 Utility 1 | . . . 1 Weapon 2 | . . 2 . Highest Loss Streak 3 | . . 3 2 To Critical Strikes . | . . . . Average Backups 1 | . . 2 1 Power . | . . . . Propulsion . | . . . . Utility . | . . . 1 Weapon 1 | . . 1 . Tool/Special . | . . . . Unused Backups 1 | . . . 1 Power . | . . . . Propulsion . | . . . . Utility 1 | . . . 1 Weapon . | . . . . Tool/Special . | . . . . Average Slot Usage (%) 30 | . 29 31 30 Treads 20 | . 28 22 10 Wheel 1 | . . . 5 Protection 6 | . . 5 13 Ballistic Gun 1 | . . 2 . Launcher 1 | . 1 . 1 Peak Build Rating 5 | 2 4 4 5 Average Rating 2 | 1 2 3 3 On Entrance 2 | . 2 2 4 Avg Prop Armor Cover (%) 32 | 39 41 32 16 Naked Turns 10 | . . . 10 Heaviest Build 3 | . . 3 3 Greatest Support 3 | 3 3 3 3 Greatest Overweight (x) . | . . . . Average Overweight (x) . | . . . . Largest Inventory Capacity 5 | 5 5 5 5 Average Capacity 5 | 5 5 5 5 Most Carried 3 | . 2 3 2 Average Carried 1 | . . 2 1 Final Capacity 5 | 5 5 5 5 Final Carried 2 | . 2 2 1 Class Distribution -------------------- 100% | Mutant Dominant Class ---------------- Mutant | -10/Materials Mutant | -10/Mines Mutant | -10/Subcaves Resources | -11 -10 -10 -10 ----------- Run | Yrd Mat Min Sub Matter Collected 554 | 177 7 338 32 Remotely . | . . . . Salvage Created 130 | . 49 27 54 Parts 16 | . 11 . 5 Haulers Intercepted . | . . . . Recyclers Shooed . | . . . . Parts Field Recycled . | . . . . Retrieved Matter . | . . . . Parts Self-Destructed . | . . . . Prevented . | . . . . Parts Restored . | . . . . Kills | -11 -10 -10 -10 ------- Run | Yrd Mat Min Sub Combat Hostiles Destroyed 18 | . 6 9 3 AOE 18 | . 6 9 3 Classes Destroyed 4 | . 2 1 1 Mechanic 1 | . 1 . . Swarmer 7 | . 6 1 . Subdweller 3 | . . . 3 Assembled 8 | . . 8 . Best Kill Streak 7 | . 7 4 2 Combat Bots Only 6 | . 6 4 2 Max Kills in Single Turn 4 | . 4 2 1 Gunslinging . | . . . . Exploded 4 | . 4 2 1 Melee . | . . . . Uniques/NPCs Destroyed . | . . . . Combat | -11 -10 -10 -10 -------- Run | Yrd Mat Min Sub Hostile Shots Fired 86 | . 46 16 24 Missed 35 | . 20 7 8 Hits 51 | . 26 9 16 Melee 1 | . . 1 . Projectile 50 | . 26 8 16 Damage Taken 909 | . 217 276 416 Core 278 | . 35 100 143 Absorbed by Shields . | . . . . Core Remaining (%) 100 | 100 . . . Volleys Fired 28 | . 2 14 12 Largest 2 | . 2 1 1 Hottest 60 | . 60 30 30 Shots Fired 29 | . 4 14 11 Gun . | . . . . Cannon . | . . . . Launcher 29 | . 4 14 11 Special . | . . . . Kinetic . | . . . . Thermal . | . . . . Explosive 29 | . 4 14 11 Electromagnetic . | . . . . Robot Hit Streak 4 | . 2 3 4 Robot Miss Streak 2 | . . 2 . Penetration Max . | . . . . Secondary Targets . | . . . . Shots Hit Robots 9 | . 2 4 3 Core Hits 25 | . 6 13 6 Critical Kills . | . . . . Critical Parts Destroyed . | . . . . Critical Strikes . | . . . . Melee Attacks . | . . . . Impact . | . . . . Slashing . | . . . . Piercing . | . . . . Sneak Attacks . | . . . . Combat Hostiles . | . . . . Follow-up Attacks . | . . . . Damage Inflicted 1326 | . 397 490 439 Guns . | . . . . Cannons . | . . . . Explosions 1320 | . 397 484 439 Melee . | . . . . Ramming 6 | . . 6 . Kinetic . | . . . . Thermal . | . . . . Explosive 1320 | . 397 484 439 Electromagnetic . | . . . . Impact . | . . . . Slashing . | . . . . Piercing . | . . . . Highest Corruption 5 | . . 5 5 Average Corruption 5 | . . 5 5 Corruption Purged . | . . . . Corruption Blocked . | . . . . Effects 11 | . . 6 5 Matter Fused 4 | . . 3 1 Heat Flow Errors 1 | . . 1 . Energy Discharges 2 | . . . 2 Data Loss (major) 2 | . . 2 . Alerts 1 | . . . 1 Weapon Failures 1 | . . . 1 Overload Shots . | . . . . Overflow Damage 63 | . 41 22 . Projectiles . | . . . . Explosions 63 | . 41 22 . Melee . | . . . . Knockbacks . | . . . . Impact . | . . . . Kinetic . | . . . . Secondary . | . . . . Self-Inflicted Damage 244 | . . 163 81 Shots 9 | . . 5 4 Rammed 1 | . . 1 . Targets Rammed 1 | . . 1 . Kicked . | . . . . Crushed . | . . . . Highest Temperature 127 | . . 127 . Average Temperature 43 | . . 43 . Received Heat Transfer 96 | . . 87 9 Siege Activations . | . . . . Martial Activations . | . . . . Shielding Activations . | . . . . Robots Disrupted . | . . . . Combat Hostiles . | . . . . Robots Corrupted . | . . . . Combat Hostiles . | . . . . Parts Fried . | . . . . Impact Corruptions . | . . . . Robots Melted . | . . . . Combat Hostiles . | . . . . Parts Melted . | . . . . Heat Transferred . | . . . . Parts Sabotaged . | . . . . Parts Stolen . | . . . . Parts Stripped . | . . . . Power Chain Reactions . | . . . . Alert | -11 -10 -10 -10 ------- Run | Yrd Mat Min Sub Maximum Alert Level . | . . . . Low Security (%) 100 | 100 100 100 . Level 1 . | . . . . Level 2 . | . . . . Level 3 . | . . . . Level 4 . | . . . . Level 5 . | . . . . High Security . | . . . . Max Security . | . . . . Peak Influence 168 | . 168 84 . Initial 49 | . . 49 . Average 44 | . 62 38 . Influence Increases 325 | . 168 157 . Destroy 0b10 Robot/C 140 | . 120 20 . Destroy 0b10 Robot/NC 5 | . 5 . . Destroy Leader 20 | . 20 . . Disable Machine 15 | . . 15 . Destroy Structure 100 | . 23 77 . Lose Combat Pursuer 45 | . . 45 . Influence Decreases 325 | . 40 285 . Entered New Map 79 | . . 79 . Time Decay 216 | . 40 176 . Lost Part 30 | . . 30 . Squads Dispatched 1 | . 1 . . Investigation . | . . . . Extermination . | . . . . Reinforcement 1 | . 1 . . Assault . | . . . . Garrison . | . . . . Intercept . | . . . . Searches Triggered . | . . . . Construction Impeded . | . . . . Haulers Reinforced . | . . . . Active Scanning Responses . | . . . . Cargo Convoy Interrupts . | . . . . Stealth | -11 -10 -10 -10 --------- Run | Yrd Mat Min Sub Distress Signals . | . . . . Communications Jammed . | . . . . Distress Signals . | . . . . Times Spotted 33 | . 9 13 11 Peak Tracking Total 7 | . 7 2 4 Tactical Retreats 4 | . . 2 2 Traps | -11 -10 -10 -10 ------- Run | Yrd Mat Min Sub Traps Triggered 1 | . 1 . . Indirectly . | . . . . Trap Hack Attempts . | . . . . Triggered . | . . . . Disarmed . | . . . . Reprogrammed . | . . . . Reused . | . . . . Traps Extracted . | . . . . Installed . | . . . . Triggered . | . . . . Machines | -11 -10 -10 -10 ---------- Run | Yrd Mat Min Sub Machines Disabled 1 | . . 1 . Max in Single Turn 1 | . . 1 . Machines Repaired . | . . . . Machines Dismantled . | . . . . Machines Sabotaged . | . . . . Overloaded Fab Kills . | . . . . Hacking | -11 -10 -10 -10 --------- Run | Yrd Mat Min Sub Machines Accessed . | . . . . Terminals . | . . . . Fabricators . | . . . . Repair Stations . | . . . . Recycling Units . | . . . . Scanalyzers . | . . . . Garrison Access . | . . . . Total Hacks . | . . . . Successful . | . . . . Failed . | . . . . Catastrophic . | . . . . Database Lockouts . | . . . . Manual . | . . . . Terminals . | . . . . Fabricators . | . . . . Repair Stations . | . . . . Recycling Units . | . . . . Scanalyzers . | . . . . Garrison Access . | . . . . Terminal Hacks . | . . . . Fabricator Hacks . | . . . . Repair Station Hacks . | . . . . Recycling Unit Hacks . | . . . . Scanalyzer . | . . . . Garrison Access Hacks . | . . . . Unauthorized Hacks . | . . . . Terminals . | . . . . Fabricators . | . . . . Repair Stations . | . . . . Recycling Units . | . . . . Scanalyzers . | . . . . Garrison Access . | . . . . Data Cores Recovered . | . . . . Used . | . . . . Hacking Detections . | . . . . Full Trace Events . | . . . . Feedback Events . | . . . . Feedback Blocked . | . . . . Robot Schematics Acquired . | . . . . Robots Built . | . . . . Authchips . | . . . . Time . | . . . . Total Robot Build Rating . | . . . . Part Schematics Acquired . | . . . . Parts Built . | . . . . Authchips . | . . . . Time . | . . . . Total Part Build Rating . | . . . . Part Studies Acquired . | . . . . Parts Repaired . | . . . . Time . | . . . . Parts Recycled . | . . . . Recycled Matter . | . . . . Retrieved Matter . | . . . . Retrieved Components . | . . . . Parts Scanalyzed . | . . . . Part Schematics Acquired . | . . . . Parts Damaged . | . . . . Bothacking | -11 -10 -10 -10 ------------ Run | Yrd Mat Min Sub Used RIF Installer . | . . . . Robots Hacked . | . . . . Non-combat . | . . . . Combat . | . . . . Robot Hacks Applied . | . . . . Relay Couplers Released . | . . . . Fabnet Peak Effective % . | . . . . Robots Rewired . | . . . . Allies Hacked . | . . . . Hacks Repelled . | . . . . Allies | -11 -10 -10 -10 -------- Run | Yrd Mat Min Sub Total Allies . | . . . . Largest Group . | . . . . Highest-Rated Group . | . . . . Highest-Rated Ally . | . . . . Total Orders . | . . . . Ally Attacks . | . . . . Total Damage . | . . . . Kills . | . . . . Allies Corrupted . | . . . . Allies Melted . | . . . . Intel | -11 -10 -10 -10 ------- Run | Yrd Mat Min Sub Active Infowar (turns) . | . . . . Robot Analysis Total . | . . . . Derelict Logs Recovered 3 | . . 2 1 Drone Launches . | . . . . Drone Recoveries . | . . . . Exploration | -11 -10 -10 -10 ------------- Run | Yrd Mat Min Sub Turns Passed 848 | 18 191 435 204 Spaces Moved 1181 | 26 356 562 237 Core 1181 | 26 356 562 237 Treads . | . . . . Legs . | . . . . Wheels . | . . . . Hover . | . . . . Flight . | . . . . Fastest Speed 50 | 50 50 50 50 Average Speed 50 | 50 50 50 50 Slowest Speed 50 | 50 50 50 50 Overloaded Moves . | . . . . Propulsion Burnouts . | . . . . Robots Hopped . | . . . . Potential Cave-ins . | . . . . Cave-ins Triggered . | . . . . Exploration Rate (%) 45 | 2 59 96 23 Regions Visited 3 Branch Regions 2 Pre-discovered Areas 1 | . . 1 . Known Exits Taken . | . . . . Unknown Exits Taken 3 | 1 1 1 . Scrap Searched 2 | . . 2 . Spaces Dug 20 | . . 20 . Terrain Destroyed 174 | . 22 96 56 Melee . | . . . . Projectile . | . . . . AOE 174 | . 22 96 56 Terrain Rammed . | . . . . Walls Destroyed . | . . . . Machines Disabled . | . . . . Actions | -11 -10 -10 -10 --------- Run | Yrd Mat Min Sub Total 1410 | 29 365 704 312 Wait 167 | 2 2 106 57 Move 1178 | 25 355 561 237 Hop . | . . . . Pick Up 3 | . 2 1 . Fast Attach 6 | 2 . 3 1 Attach 14 | . 2 9 3 Detach 12 | . 2 8 2 Swap . | . . . . Drop 1 | . . 1 . Fire 28 | . 2 14 12 Melee . | . . . . Ram 1 | . . 1 . Kick . | . . . . Crush . | . . . . Escape Stasis . | . . . . Rewire . | . . . . Trap . | . . . . Miscellaneous . | . . . . Route ------- -11/Scrapyard -10/Materials (discovered 2 exits: [*Mat] / [*Min]) -10/Mines (discovered 3 exits: [*Mat x2] / [*Sub]) -10/Subcaves History --------- Turn | Location | Event 7 | -11/Scrapyard | Discovered new exit (range 15) 19 | -11/Scrapyard | Entered Materials 20 | -10/Materials | Met a group of wandering Federalists 140 | -10/Materials | Discovered new exit (range 15) 203 | -10/Materials | Discovered new exit (range 16) 210 | -10/Materials | Entered Mines 223 | -10/Mines | Found a Scrap Suit stashed away for nefarious purposes 226 | -10/Mines | Learned Materials machine intel 234 | -10/Mines | Assembled infested the area 301 | -10/Mines | Learned location of Storage (-8) 308 | -10/Mines | Build established: Mutant 309 | -10/Mines | Discovered new exit (range 8) 455 | -10/Mines | Discovered new exit (range 5) 481 | -10/Mines | Core integrity fell below 50% 509 | -10/Mines | Lost 3 parts (1n2w) 633 | -10/Mines | Discovered new exit (range 4) 645 | -10/Mines | Entered Subcaves 646 | -10/Subcaves | Approached by a straggling Scientist 710 | -10/Subcaves | A swath of the cavern ceiling suddenly collapsed 741 | -10/Subcaves | Learned Materials trap positions 783 | -10/Subcaves | Core integrity fell below 20% 798 | -10/Subcaves | A swath of the cavern ceiling suddenly collapsed 847 | -10/Subcaves | Ambushed by Subdwellers from Twisted Machinery 849 | -10/Subcaves | Destroyed by 3X-GOF(R) with Subdweller Beam Cannon Last Messages --------------- 00747_ Acquired Wheel. 00750_ Subatomizers dissect the Wheel. 00753_ Acquired 6 matter. 00755_ System corrupted: IFF burst signal emitted. 00766_ Acquired 13 matter. 00784_ Lgt. Treads destroyed. A swath of the cavern ceiling suddenly collapses. 00827_ System corrupted: Energy discharge (-23). 00828_ Wheel destroyed. 00828_ 7F-WTY(R) destroyed. 00831_ BF-LI1(R) affixes Scrap Shield Fragment to Scrap Shield. 00832_ Imp. Light Armor Plating destroyed. 00832_ System corrupted: Grenade Launcher failed to launch. 00834_ BF-LI1(R) destroyed. 00847_ 3X-GOF(R) emerges from the Twisted Machinery. Map ----- +----------------------------------------------------+ | | | | | | | | | ?????????????????????????????????????????????????? | | ?????????????????????????????????????????????????? | | ?????????????????????????????????????????????????? | | ?????????????????????????????????????????????????? | | ?????????????????????????????????????????????????? | | ?????????????????????????????????????????????????? | | ?????????????????????????????????????????????????? | | ?????????????????????????????????????????????????? | | ?????????????????????????????????????????????????? | | ?????????????????????????????????????????????????? | | ?????????????????????????????????????????????????? | | ?????????????????????????????????????????????????? | | ?????????????????????????????????????????????????? | | ?????????????????????????????????????????????????? | | ??????#####??????????????????????????????????????? | | ?????## ##?????????????????????????? ??????????? | | ????## #####???????????????????? ??????????? | | ????# " ##?????????????? ## ???????????? | | ????# #######??????# #?????????????? | | ????### [ # ###### #?????????????? | | ###?## %*% # " #?????????????? | | ??#" & # @ ????????? | | #### "" ### " R ????????? | | # " ### #?## """ R" #??????????? | | # "##?### ##""""""" ""#???????????? | | ####????# "## ""##"""R# ???????????? | | # #??????# " #?# " ?"" ??????????? | | #??????# "" ## #?? R???????????????? | | "" ""?"" "" #### ??? ?????????????????? | | "" " ##??? ???? ?????????????????? | | ## "" #???? ?????????????????????? | | #### #### " #???? ??????????????????????? | | ##?? ##??## ""### ???? ??????????????????????? | | #?? ##????####???? ???????????????????????????? | | ###?????????????????????????????????????????? | | #???????????????????????????????????????????? | | ####???????????????????????????????????????????? | | ?##??????????????????????????????????????????????? | | ?????????????????????????????????????????????????? | | ?????????????????????????????????????????????????? | | ?????????????????????????????????????????????????? | | ?????????????????????????????????????????????????? | | ?????????????????????????????????????????????????? | | ?????????????????????????????????????????????????? | | ##???????????????????????????????????????????????? | | "##??????????????????????????????????????????????? | +----------------------------------------------------+ Best States ------------- Heat Dissipation 25 Energy Generation 5 Energy Capacity 100 Matter Stores 300 Matter Capacity 300 Sight Range 16 Terrain Scan Density 10 Armor Coverage 150 Propulsion Shielding 33 Evasion (%) 50 Recoil Reduction 2 Item Schematics ----------------- None Robot Schematics ------------------ None Fabricated ------------ Nothing Repaired ---------- Nothing Studied --------- None Alien Tech Used ----------------- None Achievements -------------- None Challenges ------------ None Game ------ Seed HeatPiercingAirjet Manual? 0 Play Time 00:08:05 Cumulative 386.7 hours Start 2025.11.07 @ 22:08:41 End 2025.11.07 @ 22:16:39 Sessions 1 Manual Loads 0 Difficulty Rogue Special Mode None Game No. 354 Rogue 354 Adventurer 0 Explorer 0 Win Type - Total 3 Types 2/1/0/0/0/0/0/0/0/0 Lore% 84 Gallery% 83 Achievement% 61 Wizard Run 0 Options --------- Layout 1 ASCII 0 Keyboard 0 Movement Numpad Keybinds 0 Fullscreen 1 Font 24/Smallcaps Map View 50x35 Zoom Use 0% Tactical HUD 1 Map Filters NONE Filters NONE Steam 1 RUN: 9bf287b9-70a7-40a5-93bc-e54828d2a5d2